 Dungeon Crawl Stone Soup version 0.30.1-3-gfc49f6343a (webtiles) character file.

Game seed: 1946245050633795760

97 Cheops the Ruffian (level 4, -1/45 HPs)
             Began as a Troll Fighter on July 20, 2023.
             Slain by an ice beast (9 damage)
             ... on level 3 of the Dungeon.
             The game lasted 00:03:45 (1902 turns).

Cheops the Ruffian (Troll Fighter)                  Turns: 1902, Time: 00:03:46

Health: -1/45      AC:  4    Str: 24    XL:     4   Next: 42%
Magic:  0/3        EV:  8    Int:  6    God:
Gold:   133        SH:  7    Dex:  9    Spells: 3/3 levels left

rFire   . .          .
                       - Unarmed
rCold   . . .        b - +0 kite shield
rNeg    . . .        a - +0 robe
rPois   .            (helmet restricted)
rElec   .            (no cloak)
rCorr   .            (gloves unavailable)
SInv    .            (boots unavailable)
Will    .....        g - amulet of guardian spirit
Stlth   +            (no ring)
HPRegen 1.07/turn    (no ring)
MPRegen 0.08/turn

%: guardian spirit
@: mighty
A: large, unfitting armour, claws 3, regeneration 1, shaggy fur 1, tough skin 1
a: no special abilities


You were on level 3 of the Dungeon.
You visited 1 branch of the dungeon, and saw 3 of its levels.

You collected 133 gold pieces.

Inventory:

Armour
 a - a +0 robe (worn)
 b - a +0 kite shield (worn)
Jewellery
 g - an amulet of guardian spirit (around neck)
 l - a ring of poison resistance
 p - a +4 ring of slaying
Scrolls
 d - a scroll of poison {unknown}
 f - a scroll of vulnerability {unknown}
 h - 7 scrolls of identify {unknown}
 i - 2 scrolls of fog {unknown}
 j - a scroll of brand weapon {unknown}
 k - a scroll of blinking {unknown}
Potions
 e - a potion of mutation {unknown}
 m - a potion of resistance {unknown}
 n - 2 potions of flight {unknown}
 o - a potion of heal wounds {unknown}


   Skills:
 + Level 3.0 Fighting
 - Level 2.4 Dodging
 + Level 3.3 Shields
 * Level 3.6 Unarmed Combat


You had 3 spell levels left.
You didn't know any spells.
Your spell library was empty.

Dungeon Overview and Level Annotations

Branches:
Dungeon (3/15)

Altars:


Innate Abilities, Weirdness & Mutations

You are too large for most types of armour.
You have claws for hands.
Your natural rate of healing is unusually fast.
You are covered in fur. (AC +1)
You have tough skin. (AC +1)


Message History

You barely miss the ice beast.
The ice beast is lightly wounded.
The ice beast hits you.
* * * LOW HITPOINT WARNING * * *
The ice beast freezes you!
* * * LOW HITPOINT WARNING * * *
The rat bites you but does no damage.
You feel very mighty all of a sudden.
The ice beast hits you but does no damage.
The hobgoblin hits you but does no damage.
The rat closely misses you.
You barely miss the ice beast.
The ice beast is lightly wounded.
The ice beast hits you.
* * * LOW HITPOINT WARNING * * *
The ice beast freezes you.
* * * LOW HITPOINT WARNING * * *
The hobgoblin hits you.
* * * LOW HITPOINT WARNING * * *
The rat bites you but does no damage.
You claw the ice beast!
The ice beast is heavily wounded.
The ice beast closely misses you. The hobgoblin hits you.
* * * LOW HITPOINT WARNING * * *
The rat bites you but does no damage.
You closely miss the ice beast.
The ice beast is heavily wounded.
The ice beast closely misses you.
The hobgoblin hits you but does no damage.
You block the rat's attack.
You scratch the ice beast.
The ice beast is heavily wounded.
The ice beast barely misses you. You block the hobgoblin's attack.
You block the rat's attack.
You claw the ice beast!
The ice beast is almost dead.
You block the rat's attack. The ice beast hits you.
* * * LOW HITPOINT WARNING * * *
The ice beast freezes you!
You die...

# #.....#
#..#.....#
#..#.###..#
##)#...# ..##
#.##...# ..#
#..#....##.#
##.##....#.##
#..##...#rg#
##..###.SY@#
##...####.#
###......##.#
####.....#
#####..# .##
#


You could see an ice beast, an adder, a hobgoblin and a rat.

Vanquished Creatures
  2 adders (D:2)
  3 worms
  3 dart slugs
  2 orcs (D:3)
  2 bats
  5 endoplasms
  4 giant cockroaches
  7 goblins
  3 hobgoblins (D:1)
  2 jackals (D:1)
  6 kobolds
  3 quokkas
  7 ball pythons (D:1)
  4 frilled lizards (D:1)
  5 rats
58 creatures vanquished.

Notes
Turn   | Place    | Note
-------+----------+-------------------------------------------
     0 | D:1      | Cheops the Troll Fighter began the quest for the Orb.
     0 | D:1      | Reached XP level 1. HP: 22/22 MP: 0/0
   111 | D:1      | Reached XP level 2. HP: 29/29 MP: 1/1
   417 | D:1      | Reached XP level 3. HP: 33/36 MP: 2/2
  1336 | D:2      | Reached XP level 4. HP: 41/44 MP: 3/3
  1735 | D:3      | Identified the +7 hand axe of the Aged People {heavy,
                  | Str+3}
  1884 | D:3      | Noticed an ice beast
  1902 | D:3      | Slain by an ice beast

Illustrated notes

Levels and vault maps discovered:
D:1:      lightli_arrival_maybe_door_vault, layout_basic
D:2:      layout_basic, minmay_misc_feat_more_columns, nrook_loot_triangle
D:3:      minmay_evil_eye, layout_loops_ring

Skill      XL: |  1  2  3  4 |
---------------+-------------+-----
Shields        | 3 |  3.3
Unarmed Combat | 3 |  3.6
Fighting       | 3 |  3.0
Dodging        | |  2.4

Action                     |  1- 3 |  4- 6 || total
---------------------------+-------+-------++-------
  Melee: Unarmed           |   128 |    44 ||   172
    Use: Potion            |       |     1 ||     1
   Stab: Sleeping          |     1 |       ||     1
 Armour: Robe              |    47 |    10 ||    57
  Dodge: Dodged            |    33 |    20 ||    53
  Block: Kite shield       |    33 |    16 ||    49
